 Dungeon Crawl Stone Soup version 0.29-a0-486-ga88943ba61 (webtiles) character file.

Game seed: 14787545329276437344

47 Morbidden the Ruffian (level 3, 35/35 HPs)
             Began as a Troll Gladiator on May 26, 2022.
             Was a Follower of Elyvilon.
             Quit the game on level 2 of the Dungeon.
             The game lasted 00:01:27 (1410 turns).

Morbidden the Ruffian (Troll Gladiator)             Turns: 1410, Time: 00:01:28

Health: 35/35      AC:  5    Str: 24    XL:     3   Next: 48%
Magic:  2/2        EV: 10    Int:  4    God:    Elyvilon [*.....]
Gold:   99         SH:  0    Dex: 11    Spells: 2/2 levels left

rFire   . . .      SeeInvis .     - Unarmed
rCold   . . .      Faith    .   (no shield)
rNeg    . . .      Spirit   .   a - +0 robe
rPois   .          Reflect  .   b - +0 hat
rElec   .          Harm     .   e - +0 cloak
rCorr   .          Rampage  .   (gloves unavailable)
Will    .....                   (boots unavailable)
Stlth   +.........              (no amulet)
HPRegen 0.91/turn               (no ring)
MPRegen 0.08/turn               (no ring)

@: about to teleport
A: large, unfitting armour, claws 3, regeneration 1, shaggy fur 1, tough skin 1
a: Renounce Religion, Purification


You were on level 2 of the Dungeon.
You worshipped Elyvilon.
Elyvilon was aware of your devotion.
You visited 1 branch of the dungeon, and saw 2 of its levels.

You collected 99 gold pieces.

Inventory:

Missiles
 c - 3 throwing nets (quivered)
 d - a large rock
Armour
 a - a +0 robe (worn)
 b - a +0 hat (worn)
 e - a +0 cloak (worn)
Jewellery
 l - a ring of protection from fire
Scrolls
 h - a scroll of identify
Potions
 f - a potion of lignification {unknown}
 i - 3 potions of curing
 j - a potion of brilliance {unknown}
 k - a potion of attraction {unknown}
 o - a potion of mutation {unknown}
 p - a potion of magic {unknown}


   Skills:
 * Level 1.6 Fighting
 * Level 1.9 Throwing
 * Level 3.1 Dodging
 * Level 3.6 Unarmed Combat
 * Level 0.2 Spellcasting


You had 2 spell levels left.
You didn't know any spells.
Your spell library was empty.

Dungeon Overview and Level Annotations

Branches:
Dungeon (2/15)

Altars:
Elyvilon

Shops:
D:1 [


Innate Abilities, Weirdness & Mutations

You are too large for most types of armour.
You have claws for hands.
Your natural rate of healing is unusually fast.
You are covered in fur. (AC +1)
You have tough skin. (AC +1)


Message History

Done exploring.
No target in view!
No target in view!
Done exploring.
No target in view!
Done exploring.
No target in view!
Done exploring.
No target in view!
Done exploring.
Key pressed, stopping travel.
You can't go down here!
Unknown command.
Unknown command.
Key pressed, stopping travel.
You can't go up here!
Unknown command.
As you read the scroll labelled PYALOM EGEMY, it crumbles to dust.
You hear a loud clanging noise!
It was a scroll of noise.
The air fills with toxic fumes!
As you read the scroll labelled KIOJOMAOSE, it crumbles to dust.
It was a scroll of poison.
Unknown command.
As you read the scroll labelled PANNIH TUGIMI, it crumbles to dust.
It is a scroll of amnesia.
You feel forgetful for a moment.
As you read the scroll labelled REWITI OFIRE, it crumbles to dust.
You feel strangely unstable.
It was a scroll of teleportation.
Unknown command.
As you read the scroll labelled QIRRIE BEINOA, it crumbles to dust.
It is a scroll of identify.
i - 3 potions of curing Unknown command.
Unknown command.
Done exploring.
Okay, then.
Unknown command.
Unknown command.
Are you sure you want to abandon this character and quit the game? (Confirm with "yes".)

....## #.............# .....#
#.............# .....#
#.............# ....÷#
#........######
.....########.......÷######
..........................#######
.###.####################........
.###'####################..######
.#P....#.§§§§§§§@§§§§§§§.........
.#.P...###################..##.##
.#.PP..# ####### #..##.##
.#.....# #.....# #.......
.##...###########.....####...#...
.###.###..............'....#.#.#.
.# #_# ##.............######...#.
.###P## #.............# #...#.
.##P.P###########.....######...#.


There were no monsters in sight!

Vanquished Creatures
  2 adders (D:2)
  A dart slug (D:1)
  3 ball pythons
  3 bats
  2 endoplasms (D:1)
  A giant cockroach (D:2)
  5 goblins
  A hobgoblin (D:2)
  3 quokkas
  3 rats
24 creatures vanquished.

Notes
Turn   | Place    | Note
-------+----------+-------------------------------------------
     0 | D:1      | Morbidden the Troll Gladiator began the quest for the Orb.
     0 | D:1      | Reached XP level 1. HP: 19/19 MP: 0/0
   267 | D:1      | Reached XP level 2. HP: 27/27 MP: 1/1
   287 | D:1      | Found Amnonaj's Armour Emporium.
   841 | D:2      | Reached XP level 3. HP: 32/35 MP: 2/2
  1144 | D:2      | Found a faded altar of an unknown god.
  1160 | D:2      | Prayed at the altar of an unknown god.
  1160 | D:2      | Became a worshipper of Elyvilon the Healer
  1160 | D:2      | Reached * piety under Elyvilon
  1410 | D:2      | Quit the game

Illustrated notes

Levels and vault maps discovered:
D:1:      dpeg_arrival_concentric_ovals, layout_basic, serial_shops,
          nicolae_shop_statue_plus
D:2:      layout_basic, shapermc_ecumenical_altar_flowoftime,
          nicolae_elevator_lobby_asterisk

Skill      XL: |  1  2  3 |
---------------+----------+-----
Dodging        | 3 |  3.1
Fighting       | |  1.6
Throwing       | |  1.9
Unarmed Combat | |  3.6
Spellcasting   | |  0.2

Action                   || total
-------------------------++-------
Melee: Unarmed           ||    55
       Punch             ||     1
  Use: Scroll            ||     5
 Stab: Sleeping          ||     1
Armor: Robe              ||    25
Dodge: Dodged            ||    22

Table legend: (Time is in decaauts)
 A = Elapsed time spent in this place.
 B = Non-inter-level travel time spent in this place.
 C = Inter-level travel time spent in this place.
 D = Time resting spent in this place.
 E = Time spent auto-exploring this place.
 F = Levels seen in this place.
 G = Mean time per level.
                   A        B        C        D        E       F      G
               +--------+--------+--------+--------+--------+-----+--------+
         Total |   1406 |   1336 |     70 |      0 |   1167 |   2 |  703.0 |
       Dungeon |   1406 |   1336 |     70 |      0 |   1167 |   2 |  703.0 |
               +--------+--------+--------+--------+--------+-----+--------+

Top non-repeatable levels by time:
     D:1: 726 daAuts
     D:2: 679 daAuts
